 Dungeon Crawl Stone Soup version 0.23-a0-619-g281719c (console) character file.

445 Duffy the Chopper (level 6, -2/47 HPs)
             Began as a Demonspawn Fighter on Dec 22, 2018.
             Killed by divine providence
             ... invoked by an orc priest
              (11 damage)
             ... on level 4 of the Dungeon.
             The game lasted 00:03:02 (4201 turns).

Duffy the Chopper (Demonspawn Fighter)              Turns: 4201, Time: 00:03:03

Health: -2/47      AC: 11    Str: 16    XL:     6   Next: 72%
Magic:  5/5        EV:  7    Int: 12    God:
Gold:   168        SH:  8    Dex: 12    Spells: 5/5 levels left

rFire    . . .     SeeInvis .   a - +0 war axe
rCold    . . .     Gourm    .   c - +0 shield
rNeg     . . .     Faith    .   g - +3 ring mail
rPois    .         Spirit   .   (helmet restricted)
rElec    .         Reflect  .   (no cloak)
rCorr    .         Harm     .   (no gloves)
MR       +....     Clarity  +   (no boots)
Stlth    ++........             (no amulet)
HPRegen  0.15/turn              (no ring)
MPRegen  0.09/turn              (no ring)

@: lethally poisoned (-2 -> -30)
A: horns 1, slimy green scales 2, clarity, low mp 1, magic resistance 1,
nightstalker 1, screaming 1
a: no special abilities


You were on level 4 of the Dungeon.
You were not hungry.

You visited 1 branch of the dungeon, and saw 4 of its levels.
You also visited: Ossuary.

You collected 168 gold pieces.

Inventory:

Hand Weapons
 a - a +0 war axe (weapon)
Armour
 c - a +0 shield (worn)
 g - a +3 ring mail (worn)
Wands
 h - a wand of disintegration (7)
 u - a wand of acid (7)
Scrolls
 e - 8 scrolls of identify {unknown}
 i - 4 scrolls of teleportation {unknown}
 k - 2 scrolls of amnesia {unknown}
 l - a scroll of magic mapping {unknown}
 m - a scroll of random uselessness {unknown}
 o - a scroll of torment {unknown}
 p - 2 scrolls of remove curse {unknown}
 q - 2 scrolls of fog {unknown}
Potions
 b - a potion of ambrosia {unknown}
 d - a potion of might
 j - a potion of mutation
 n - a potion of haste {unknown}
 r - 2 potions of flight {unknown}
 s - 2 potions of curing {unknown}
 v - 2 potions of lignification {unknown}
Comestibles
 f - 6 rations
 t - 5 chunks of flesh


   Skills:
 - Level 3.0 Fighting
 + Level 6.7 Axes
 - Level 2.6 Armour
 - Level 2.6 Shields


You had 5 spell levels left.
You didn't know any spells.
Your spell library was empty.

Dungeon Overview and Level Annotations

Branches:
Dungeon (4/15)
 Temple: D:4-7

Altars:
Kikubaaqudgha
Qazlal
Uskayaw
The Shining One


Innate Abilities, Weirdness & Mutations

You have a pair of small horns on your head.
You are mostly covered in slimy green scales. (AC +3)
You are slightly more attuned to the shadows.
You possess an exceptional clarity of mind.
Your magical capacity is low. (-10% MP)
You are resistant to hostile enchantments. (MR+)
You occasionally shout uncontrollably at your foes.


Message History

You are too injured to fight recklessly!
You are too injured to fight recklessly!
You are too injured to fight recklessly!
You are too injured to fight recklessly!
You are too injured to fight recklessly!
You are too injured to fight recklessly!
You are too injured to fight recklessly!
You are too injured to fight recklessly!
You are too injured to fight recklessly!
You are too injured to fight recklessly!
You are too injured to fight recklessly!
You are too injured to fight recklessly!
It was a potion of mutation.
You feel extremely strange.
You feel the urge to shout.
You feel less energetic.
You feel resistant to hostile enchantments.
Your thoughts seem clearer.
You feel sick. You block the orc wizard's attack.
The orc priest calls down the wrath of Beogh upon you.
Beogh smites you!
You die...

...#.
##+#.###########
..#..##....#
.#...##.####
....##.##
####.....#
#......?##
.#....|#.#
#..#)..#..#
#...#@#.$.#
#..ooo#####
#...#o# #..#...
#.# ... ## .....
##...


You could see 2 orc priests, an orc wizard and an orc.

Vanquished Creatures
  An elf zombie (Ossuary)
  A bullfrog zombie (D:4)
  A human zombie (Ossuary)
  An orc priest (D:3)
  A centaur skeleton (D:4)
  A big kobold zombie (Ossuary)
  2 mummies (Ossuary)
  4 gnolls (D:3)
  6 adders
  An adder zombie (Ossuary)
  2 worms
  2 dart slugs (D:3)
  5 leopard geckos
  5 orcs
  5 bats
  6 giant cockroaches
  7 goblins
  7 hobgoblins
  3 jackals (D:4)
  9 kobolds
  2 ball pythons
  7 frilled lizards
  3 goblin zombies (Ossuary)
  12 hobgoblin zombies (Ossuary)
  A jackal zombie (Ossuary)
  8 kobold zombies (Ossuary)
  7 orc zombies (Ossuary)
  14 rats
  2 rat zombies (Ossuary)
126 creatures vanquished.

Notes
Turn   | Place    | Note
-------+----------+-------------------------------------------
     0 | D:1      | Duffy the Demonspawn Fighter began the quest for the Orb.
     0 | D:1      | Reached XP level 1. HP: 18/18 MP: 1/1
     6 | D:1      | Reached skill level 2 in Axes
   185 | D:1      | Gained mutation: You have a pair of small horns on your
                  | head. [demonic ancestry]
   185 | D:1      | Reached XP level 2. HP: 11/24 MP: 2/2
   833 | D:1      | Reached skill level 3 in Axes
   925 | D:2      | Gained mutation: You are slightly more attuned to the
                  | shadows. [demonic ancestry]
   925 | D:2      | Reached XP level 3. HP: 22/29 MP: 3/3
  1895 | D:3      | Reached skill level 4 in Axes
  1895 | D:3      | Gained mutation: You are partially covered in slimy green
                  | scales. (AC +2) [demonic ancestry]
  1895 | D:3      | Reached XP level 4. HP: 35/35 MP: 4/4
  2192 | D:3      | Found an ancient bone altar of Kikubaaqudgha.
  2587 | D:3      | Gained mutation: You are mostly covered in slimy green
                  | scales. (AC +3) [demonic ancestry]
  2587 | D:3      | Reached XP level 5. HP: 31/41 MP: 5/5
  3074 | D:3      | Found a glowing golden altar of the Shining One.
  3084 | D:3      | Found a hide-covered altar of Uskayaw.
  3090 | D:3      | Reached skill level 5 in Axes
  3098 | D:3      | Found a stormy altar of Qazlal.
  3459 | D:4      | Found a sand-covered staircase.
  3467 | Ossuary  | Entered an ossuary
  3557 | Ossuary  | Reached XP level 6. HP: 29/47 MP: 6/6
  3562 | Ossuary  | Reached skill level 6 in Axes
  4201 | D:4      | Gained mutation: You occasionally shout uncontrollably at
                  | your foes. [potion of mutation]
  4201 | D:4      | Gained mutation: Your magical capacity is low. (-10% MP)
                  | [potion of mutation]
  4201 | D:4      | Gained mutation: You are resistant to hostile enchantments.
                  | (MR+) [potion of mutation]
  4201 | D:4      | Gained mutation: You possess an exceptional clarity of
                  | mind. [potion of mutation]
  4201 | D:4      | Killed from afar by an orc priest

Vault maps used:
D:1:      minmay_arrival_four_loops
D:3:      grunt_temple_overflow_cloverleaf, first_ration
D:4:      kennysheep_mini, nicolae_ossuary_entry_monument,
          hangedman_decor_diamond_cutter
Ossuary:  ossuary_tomb_1

Skill      XL: |  1  2  3  4  5  6 |
---------------+-------------------+-----
Axes           | 2 3 4 5 6 |  6.7
Fighting       | |  3.0
Armour         | |  2.6
Shields        | |  2.6

Action                   |  1- 3 |  4- 6 || total
-------------------------+-------+-------++-------
Melee: War axe           |   112 |   222 ||   334
       Headbutt          |    10 |    34 ||    44
  Use: Potion            |       |     1 ||     1
 Stab: Sleeping          |     4 |     7 ||    11
  Eat: Chunk             |     3 |     5 ||     8
       Ration            |       |     1 ||     1
Armor: Ring mail         |    62 |    95 ||   157
       Scale mail        |     3 |       ||     3
Dodge: Dodged            |    38 |    60 ||    98
Block: Shield            |    71 |    79 ||   150

Table legend:
 A = Non-vault XP
 B = Vault XP
 C = Vault XP percentage of total XP
 D = Non-vault monster count
 E = Vault monster count
 F = Vault count percentage of total count
                 A         B        C        D         E       F
            +---------+---------+-------+---------+---------+-------
      Total |     399 |     237 |  37.3 |      87 |      39 |  31.0
            +---------+---------+-------+---------+---------+-------
        D:1 |      33 |       0 |   0.0 |      22 |       0 |   0.0
        D:2 |      56 |       0 |   0.0 |      20 |       0 |   0.0
        D:3 |     205 |       0 |   0.0 |      35 |       0 |   0.0
        D:4 |     105 |       0 |   0.0 |      10 |       0 |   0.0
    Ossuary |       0 |     237 | 100.0 |       0 |      39 | 100.0
            +---------+---------+-------+---------+---------+-------
